 Dungeon Crawl Stone Soup version 0.31-a0-702-gf82c85558f (webtiles) character file.

Game seed: 2459688354979598658

2251 qw the Skirmisher (level 9, -6/56 HPs)
             Began as a Gargoyle Hunter on Sept 7, 2023.
             Was a Follower of Okawaru.
             Mangled by Maggie
             ... wielding a +1 glaive of flaming
              (16 damage)
             ... on level 7 of the Dungeon.
             The game lasted 00:01:54 (5157 turns).

qw the Skirmisher (Gargoyle Hunter)                 Turns: 5157, Time: 00:01:55

Health: -6/56      AC: 12    Str: 15    XL:     9   Next: 37%
Magic:  10/12      EV: 16    Int: 10    God:    Okawaru [*.....]
Gold:   302        SH:  5    Dex: 17    Spells: 8/8 levels left

rFire   x . .        Y - +2 arbalest (chaos)
rCold   + . .        (shield currently unavailable)
rNeg    + + +        b - +1 leather armour of Ziles {rF- rN++ Regen+ SInv}
rPois   inf          (no helmet)
rElec   +            (no cloak)
rCorr   .            (no gloves)
SInv    +            c - +0 pair of boots
Will    .....        e - amulet of reflection
Stlth   +++          g - ring of protection from cold
HPRegen 1.09/turn    (no ring)
MPRegen 0.13/turn

%: reflection
@: heroic, mesmerised
A: sickness immunity, AC +6, negative energy resistance 1, electricity
resistance, torment resistance 1, petrification resistance
a: Renounce Religion, Heroism


You were on level 7 of the Dungeon.
You worshipped Okawaru.
Okawaru was aware of your devotion.
You visited 1 branch of the dungeon, and saw 7 of its levels.

You collected 302 gold pieces.


Innate Abilities, Weirdness & Mutations

You are immune to sickness and miasma.
Your stone body is resilient. (AC +6)
You are immune to poison.
You resist negative energy. (rN+)
You are resistant to electric shocks. (rElec)
You are resistant to unholy torment.
You are immune to petrification.


   Skills:
 + Level 6.9(11.9) Fighting
 - Level 10.0(15.0) Ranged Weapons
 - Level 1.2(6.2) Armour
 - Level 3.1(8.1) Dodging
 - Level 1.1(6.1) Stealth
 - Level 4.0 Invocations


You had 8 spell levels left.
You didn't know any spells.
Your spell library was empty.

Inventory:

Hand Weapons
 Y - a +2 arbalest of chaos (weapon)
Armour
 a - a +0 ring mail
 b - the +1 leather armour of Ziles (worn) {rF- rN++ Regen+ SInv}
   (You found it on level 4 of the Dungeon)

   rF-:       It makes you vulnerable to fire.
   rN++:      It greatly protects you from negative energy.
   SInv:      It lets you see invisible.
   Regen+:    It increases your rate of health regeneration.
 c - a +0 pair of boots (worn)
Jewellery
 e - an amulet of reflection (around neck)
 g - a ring of protection from cold (left hand)
Scrolls
 i - a scroll of identify
Potions
 f - a potion of haste
 h - a potion of curing

Dungeon Overview and Level Annotations

Branches:
Dungeon (7/15)             Temple (0/1) D:4

Altars:
Ashenzari
Cheibriados
Dithmenos
Nemelex Xobeh
Okawaru
Trog
Wu Jian
The Shining One

Annotations:
D:3 2 runed translucent doors
D:6 exclusion: orc wizard
D:7 Maggie


Message History

You shoot a bolt.
The bolt closely misses the howler monkey.
The howler monkey hoots and howls with incredible vigour!
You hear a shout! x3
You shoot a bolt. The bolt hits the howler monkey.
The bolt burns the howler monkey.
The howler monkey is moderately wounded.
The howler monkey hits you.
You shoot a bolt.
The bolt closely misses the howler monkey.
The howler monkey hits you but does no damage.
You shoot a bolt.
The bolt barely misses the howler monkey.
You block the howler monkey's attack.
You shoot a bolt.
The bolt closely misses the howler monkey.
The howler monkey hits you but does no damage.
You shoot a bolt. The bolt hits the howler monkey!
The bolt burns the howler monkey.
You kill the howler monkey!
Okawaru accepts your kill.
You feel yourself slow down.
You start resting.
HP restored.
Maggie the Vainglorious comes into view.
She is wielding a +1 glaive of flaming and carrying a wand of mindburst.
You shoot a bolt. The bolt hits Maggie.
Maggie seems to grow stronger.
Maggie is lightly wounded.
Maggie casts a spell.
Maggie attempts to bespell you!
You are mesmerised by Maggie!
Maggie hits you from afar with a +1 glaive of flaming!
Maggie burns you!
5156 ||| INVOKING Heroism.
You gain the combat prowess of a mighty hero.
Maggie zaps a wand.
You struggle to resist.
You shoot a bolt. The bolt hits Maggie!
You drain Maggie.
Maggie is moderately wounded.
Maggie hits you from afar with a +1 glaive of flaming!!
Maggie burns you!
You die...

#.###.......#
#<..+.......#
#.###.......#
..........>.#
+#..#######..#
............#
.#.#######.##
. .. #.# .. ##
#@#
#...@.....#
#.#.##.#### #
#+#


You could see Maggie (mesmerising, strong, drained).

Vanquished Creatures
  Menkaure (D:4)
  Duvessa (D:6)
  2 ice beasts
  2 black bears (D:6)
  A sky beast (D:7)
  2 ogres
  A centaur (D:6)
  A phantom (D:5)
  3 scorpions
  3 bullfrogs
  Dowan (D:6)
  A howler monkey (D:7)
  3 hounds
  2 orc priests
  3 jellies
  3 iguanas
  4 orc wizards
  A sleepcap (D:5)
  10 gnolls
  15 adders
  A shadow imp (D:5)
  An ufetubus (D:5)
  4 worms
  A dart slug (D:4)
  20 orcs
  11 endoplasms
  4 giant cockroaches
  11 goblins
  6 hobgoblins
  2 jackals (D:1)
  3 quokkas
  8 ball pythons
  7 bats
  3 frilled lizards
  3 kobolds
  6 rats
151 creatures vanquished.

Notes
Turn   | Place    | Note
-------+----------+-------------------------------------------
     0 | D:1      | qw the Gargoyle Hunter began the quest for the Orb.
     0 | D:1      | Reached XP level 1. HP: 12/12 MP: 1/1
     0 | D:1      | 0 ||| qw: Version: 0.3-a-76-g4403597
     0 | D:1      | 0 ||| qw: Game counter: 775
     0 | D:1      | 0 ||| qw: Melee chars always use a shield: true
     0 | D:1      | 0 ||| qw: God list: Okawaru
     0 | D:1      | 0 ||| qw: Allow faded altars: false
     0 | D:1      | 0 ||| qw: Do Orc after clearing Dungeon:15 true
     0 | D:1      | 0 ||| qw: Do second Lair branch before Depths: true
     0 | D:1      | 0 ||| qw: Lair rune preference: random
     0 | D:1      | 0 ||| qw: Goals: Normal
     0 | D:1      | 0 ||| PLANNING D:1-11
     2 | D:1      | Noticed a draconian
     2 | D:1      | Noticed a demigod
     4 | D:1      | Noticed a vine stalker
     4 | D:1      | Noticed an octopode
     6 | D:1      | Noticed a tengu
     6 | D:1      | Noticed an ogre
     8 | D:1      | Noticed a minotaur
     8 | D:1      | Noticed a merfolk
    10 | D:1      | Noticed a naga
    12 | D:1      | Noticed a ghoul
    12 | D:1      | Noticed a human
    14 | D:1      | Noticed a spriggan
    14 | D:1      | Noticed a demonspawn
    16 | D:1      | Noticed a troll
    18 | D:1      | Noticed an armataur
    18 | D:1      | Noticed a gargoyle
    20 | D:1      | Noticed a vampire
    20 | D:1      | Noticed an elf
    22 | D:1      | Noticed a formicid
    24 | D:1      | Noticed a vine stalker
    24 | D:1      | Noticed a meteoran
    26 | D:1      | Noticed a formicid
    26 | D:1      | Noticed an ogre
   102 | D:1      | Reached XP level 2. HP: 17/17 MP: 2/2
   764 | D:1      | Reached XP level 3. HP: 21/21 MP: 3/3
   841 | D:1      | 841 ||| UPGRADING to amulet of reflection.
   846 | D:1      | 846 ||| READING scroll labelled LAIGUE WETHE.
   847 | D:1      | 847 ||| DROPPING scroll of butterflies.
   904 | D:2      | Reached skill level 5 in Ranged Weapons
  1020 | D:2      | 1020 ||| Stepping ~*~*~tactically~*~*~ (outnumbered).
  1026 | D:2      | 1026 ||| Stepping ~*~*~tactically~*~*~ (retreating).
  1030 | D:2      | Reached skill level 3 in Fighting
  1033 | D:2      | Reached XP level 4. HP: 21/28 MP: 4/4
  1241 | D:2      | Found a faded altar of an unknown god.
  1780 | D:2      | 1780 ||| UPGRADING to +0 ring mail.
  1790 | D:2      | 1790 ||| DROPPING +0 leather armour.
  1791 | D:2      | 1791 ||| UPGRADING to ring of protection from cold.
  1792 | D:2      | 1792 ||| READING scroll labelled INLIXTOEDA.
  1793 | D:2      | 1793 ||| READING 3 scrolls labelled CANEKKATZA.
  1794 | D:2      | 1794 ||| DROPPING 2 scrolls of amnesia.
  1845 | D:3      | Found a large runed translucent door.
  1845 | D:3      | Found a large runed translucent door.
  1845 | D:3      | Found an iron altar of Okawaru.
  1846 | D:3      | 1846 ||| PLANNING OKAWARU WORSHIP
  1855 | D:3      | Became a worshipper of Warmaster Okawaru
  1856 | D:3      | 1856 ||| PLANNING D:1-11
  1862 | D:3      | 1862 ||| Stepping ~*~*~tactically~*~*~ (retreating).
  1863 | D:3      | 1863 ||| Stepping ~*~*~tactically~*~*~ (retreating).
  1864 | D:3      | 1864 ||| Stepping ~*~*~tactically~*~*~ (retreating).
  1869 | D:3      | Reached skill level 1 in Armour
  1874 | D:3      | Reached XP level 5. HP: 31/32 MP: 5/5
  1995 | D:3      | Reached skill level 6 in Ranged Weapons
  2637 | D:3      | 2637 ||| UPGRADING to +0 pair of boots.
  2642 | D:3      | 2642 ||| DROPPING amulet of regeneration.
  2643 | D:3      | 2643 ||| READING scroll labelled SEBRAEHIMN.
  2643 | D:3      | Identified a scroll of acquirement
  2643 | D:3      | 2643 ||| ACQUIRING +2 arbalest of freezing
  2643 | D:3      | Acquired a +2 arbalest of freezing
  2645 | D:3      | 2645 ||| SWAPPING to +2 arbalest of freezing.
  2646 | D:3      | 2646 ||| DROPPING +1 shortbow.
  2647 | D:3      | 2647 ||| READING scroll labelled KET KEUTEQISTRO.
  2648 | D:3      | 2648 ||| READING scroll labelled UGHIAXKUODE.
  2648 | D:3      | Found a broken altar of Ashenzari.
  2648 | D:3      | Found an ornate altar of the Wu Jian Council.
  2649 | D:3      | 2649 ||| READING scroll labelled HELICWU NOEDWU.
  2686 | D:4      | 2686 ||| STAIRDANCE
  2691 | D:4      | 2691 ||| STAIRDANCE
  2745 | D:4      | Identified the +1 leather armour of Ziles {rF- rN++ Regen+
                  | SInv}
  2747 | D:4      | Found a staircase to the Ecumenical Temple.
  2773 | D:4      | Reached XP level 6. HP: 38/38 MP: 6/6
  2823 | D:4      | Found a glowing golden altar of the Shining One.
  2899 | D:4      | Noticed Menkaure
  2901 | D:4      | Killed Menkaure
  2901 | D:4      | Reached * piety under Okawaru
  2902 | D:4      | Reached skill level 7 in Ranged Weapons
  2998 | D:4      | Found a shadowy altar of Dithmenos.
  3054 | D:4      | 3054 ||| INVOKING Heroism.
  3058 | D:4      | Reached XP level 7. HP: 43/43 MP: 4/7
  3092 | D:4      | Reached skill level 1 in Invocations
  3153 | D:4      | Found a snail-covered altar of Cheibriados.
  3361 | D:4      | 3361 ||| UPGRADING to +1 leather armour of Ziles {rF- rN++
                  | Regen+ SInv}.
  3371 | D:4      | 3371 ||| READING scroll labelled ILOIPHI KOUTS.
  3401 | D:5      | Entered Level 5 of the Dungeon
  3491 | D:5      | Reached skill level 3 in Invocations
  3511 | D:5      | 3511 ||| INVOKING Heroism.
  3624 | D:5      | 3624 ||| INVOKING Heroism.
  3626 | D:5      | Reached XP level 8. HP: 36/48 MP: 7/10
  3727 | D:5      | Reached skill level 8 in Ranged Weapons
  3739 | D:5      | 3739 ||| Stepping ~*~*~tactically~*~*~ (water).
  3740 | D:5      | 3740 ||| Stepping ~*~*~tactically~*~*~ (water).
  3914 | D:5      | 3914 ||| Stepping ~*~*~tactically~*~*~ (water).
  3983 | D:5      | Found a bloodstained altar of Trog.
  4327 | D:5      | 4327 ||| READING scroll labelled IGOLLI LEPRU.
  4349 | D:6      | 4349 ||| STAIRDANCE
  4355 | D:6      | 4355 ||| STAIRDANCE
  4357 | D:5      | 4357 ||| INVOKING Heroism.
  4390 | D:6      | 4390 ||| INVOKING Heroism.
  4480 | D:6      | 4480 ||| INVOKING Heroism.
  4522 | D:6      | Reached skill level 9 in Ranged Weapons
  4573 | D:6      | 4573 ||| INVOKING Heroism.
  4575 | D:6      | Noticed Duvessa
  4576 | D:6      | 4576 ||| RETREATING.
  4576 | D:6      | Noticed Dowan
  4581 | D:6      | Reached skill level 6 in Fighting
  4583 | D:6      | Killed Duvessa
  4587 | D:6      | 4587 ||| INVOKING Heroism.
  4590 | D:6      | Killed Dowan
  4591 | D:6      | Reached XP level 9. HP: 54/55 MP: 9/12
  4733 | D:6      | 4733 ||| INVOKING Heroism.
  4754 | D:6      | 4754 ||| INVOKING Heroism.
  4758 | D:6      | Reached skill level 10 in Ranged Weapons
  4839 | D:6      | 4839 ||| INVOKING Heroism.
  4856 | D:6      | Found a sparkling altar of Nemelex Xobeh.
  4910 | D:6      | Reached skill level 3 in Dodging
  4919 | D:6      | 4919 ||| DROPPING ring of magical power.
  5094 | D:6      | 5094 ||| DRINKING 2 viscous pink potions.
  5098 | D:6      | 5098 ||| DRINKING 2 bubbling inky potions.
  5099 | D:6      | 5099 ||| READING 2 scrolls of identify.
  5099 | D:6      | 5099 ||| IDENTIFYING bubbling grey potion
  5100 | D:6      | 5100 ||| DROPPING potion of ambrosia.
  5154 | D:7      | Noticed Maggie
  5156 | D:7      | 5156 ||| INVOKING Heroism.
  5157 | D:7      | HP: 10/56 [Maggie/+1 glaive of flaming (22)]
  5157 | D:7      | Mangled by Maggie

Levels and vault maps discovered:
D:1:      kb_arrival_jail, layout_loops_corners
D:2:      layout_basic, shapermc_ecumenical_altar_starsandcircs
D:3:      layout_basic, okawaru_gym_becter, jmf_multi_god_temple2
D:4:      layout_cave_pools, mainiacjoe_overflow_alcove_1, tso_metal_star,
          mainiacjoe_overflow_six_doors_small, minmay_temple_entry_hall,
          uniq_menkaure
D:5:      layout_loops_corners, trog_three_pillars_becter, saegor_snake_ambush
D:6:      layout_loops_cross, nemelex_dance_club_becter, grunt_tough_drop,
          uniq_duvessa
D:7:      layout_basic, mainiacjoe_overflow_concentric_impassable, uniq_maggie

Skill      XL: |  1  2  3  4  5  6  7  8  9 |
---------------+----------------------------+-----
Ranged Weapons | 5 6 7 9 10 | 10.0
Fighting       | 3 4 6 |  6.9
Armour         | 1 |  1.2
Invocations    | 3 4 |  4.0
Dodging        | 2 3 |  3.1
Stealth        | |  1.1

Action                     |  1- 3 |  4- 6 |  7- 9 || total
---------------------------+-------+-------+-------++-------
   Fire: Shortbow          |    90 |   105 |       ||   195
         Arbalest          |       |    45 |   172 ||   217
 Invoke: Heroism           |       |     1 |    11 ||    12
    Use: Scroll            |     1 |     6 |     3 ||    10
         Potion            |       |       |     2 ||     2
 Armour: Leather armour    |    14 |       |    58 ||    72
         Ring mail         |       |    29 |     1 ||    30
  Dodge: Dodged            |     9 |    34 |    60 ||   103
  Block: Other             |     1 |    12 |    35 ||    48

Table legend:
 A = Non-vault XP
 B = Vault XP
 C = Vault XP percentage of total XP
 D = Non-vault monster count
 E = Vault monster count
 F = Vault count percentage of total count
                 A         B        C        D         E       F
            +---------+---------+-------+---------+---------+-------
      Total |    2664 |     553 |  17.2 |     142 |       9 |   6.0
            +---------+---------+-------+---------+---------+-------
        D:1 |      36 |       0 |   0.0 |      24 |       0 |   0.0
        D:2 |      78 |       0 |   0.0 |      18 |       0 |   0.0
        D:3 |     159 |       0 |   0.0 |      29 |       0 |   0.0
        D:4 |     233 |     172 |  42.5 |      24 |       1 |   4.0
        D:5 |     826 |      52 |   5.9 |      19 |       4 |  17.4
        D:6 |    1150 |     329 |  22.2 |      26 |       4 |  13.3
        D:7 |     182 |       0 |   0.0 |       2 |       0 |   0.0
            +---------+---------+-------+---------+---------+-------
